sping, chaotic male elven Priest | .| ...| f...( ---.-------- ######f@# # #....<......| #############|....).....| #...........| ----+------- sping the Acolyte Experience level: 5 Strength: 10 Dexterity: 15 Constitution: 14 Intelligence: 8 Wisdom: 20 Charisma: 11 Health: 0(25) Energy: 84(84) Def: 4 Gold: 820 Moves: 2154 Dungeon seed: gTpbZSiC6u7Ee41F Game ID: sping_1614349490 Your Inventory: Coins $ - 820 gold pieces Weapons a - a blessed +2 mace (weapon in hand) A - 2 +0 darts S - a +0 bow (alternate weapon; not wielded) U - 14 poisoned +0 orcish arrows (in quiver) Armor e - a blessed +0 robe (being worn) n - a blessed +0 small shield (being worn) y - a +0 orcish helm V - a +0 pair of iron shoes Y - a blessed +0 orcish helm (being worn) Comestibles c - 2 cloves of garlic d - a sprig of wolfsbane i - a food ration k - a slime mold t - a tripe ration Q - a fortune cookie Scrolls o - a scroll of food detection F - a scroll of charging H - a scroll of confuse monster P - a scroll of create monster Spellbooks f - a spellbook of create monster g - a spellbook of protection R - a spellbook of protection Potions b - 2 potions of holy water C - a potion of healing G - a potion of acid K - a potion of object detection Rings I - a ring of regeneration T - a +1 ring of increase accuracy Wands j - a wand of magic missile (0:1) M - a wand of probing (0:2) W - a wand of magic missile (0:6) X - a wand of speed monster (0:7) Tools h - a tooled horn p - an oil lamp (0:1455) D - a brass lantern (0:1465) J - a skeleton key Gems q - a worthless piece of yellowish brown glass r - a garnet stone z - a worthless piece of violet glass N - a worthless piece of white glass O - 2 amber stones Z - a jet stone Spells and supernatural/magical abilities: Name Level Category Fail Memory p - protection 1 clerical 0% 90% O - create monster 2 clerical 0% 90% W - pray for help -- divine ? -- X - turn undead -- divine ? -- Your skills at the end: Fighting Skills Weapon Skills mace [Basic] Spellcasting Skills clerical spells [Basic] Final Attributes: You were piously aligned. You were sleep resistant. You were telepathic. You had infravision. You were lucky. You are dead. Vanquished creatures: 7 Uruk-hai a shrieker a kobold mummy a floating eye a kobold lord 3 orc zombies a werejackal an acid blob 3 giant rats a gnome zombie 4 geckos 2 jackals 2 foxes 4 goblins 2 sewer rats 6 grid bugs a kobold zombie 7 newts 48 creatures vanquished. Voluntary challenges: You were an atheist. You used a wielded weapon 46 times, starting on turn 206. You read items or engraved 8 times, starting on turn 211. You never genocided any monsters. You never polymorphed an object. You never changed form. You used no wishes. You never split a pudding. You wrote Elbereth's name 1 time, starting on turn 2112. You never violated your personal moral code. Dungeon overview: The Dungeons of Doom: levels 1 to 7 Level 1 a fountain a long staircase Level 2 a general store, a fountain, a sink stairs to The Gnomish Mines Level 3 Level 4 Level 5 Level 6 Level 7 <- You were here The Gnomish Mines: Level 3 stairs to The Dungeons of Doom History has recorded: On T:1 you entered the Dungeons of Doom to retrieve the Amulet of Yendor! On T:214 you reached level 2 of The Dungeons of Doom. On T:379 you advanced to experience level 2. On T:545 you reached level 1 of The Gnomish Mines. On T:809 you reached level 3 of The Dungeons of Doom. On T:1225 you reached level 4 of The Dungeons of Doom. On T:1381 you advanced to experience level 3. On T:1535 you reached level 5 of The Dungeons of Doom. On T:1664 you advanced to experience level 4. On T:1887 you reached level 6 of The Dungeons of Doom. On T:2050 you advanced to experience level 5. On T:2103 you reached level 7 of The Dungeons of Doom. Score breakdown: Gold: 820 ( 9913 points) Experience: 5 levels (11141 points) Exploration: 7 levels ( 13.46%) (10289 points) Discoveries: 8 items ( 2.80%) ( 5017 points) Valuables value: (no points given unless you survive) Artifact value: 0 ( 0 points) Variety of kills: 18 monsters ( 4.72%) ( 6520 points) Turncount: 2154 turns ( -110 points) Survival: died (score multiplied by 80%) Total score: 34216 Latest messages: You stop. Qwerty is in the way! You hear a slow drip. You displace Qwerty. You hear a jackal howling at the moon. You hit the jaguar! The jaguar hits! The jaguar misses. The jaguar bites! The magic missile hits Qwerty. The jaguar hits! (2x) The jaguar misses. The magic missile hits the jaguar! The magic missile bounces! The jaguar hits! (2x) The jaguar bites! The jaguar hits! (2x) The jaguar bites! The jaguar just misses! The jaguar hits! The jaguar bites! You die... Final status: Goodbye sping the Priest, killed by a jaguar... You died in The Dungeons of Doom on dungeon level 7 with 34216 points, and 820 pieces of gold, after 2154 moves. You were level 5 with a maximum of 25 hit points when you died.